Whalers vs Kings

Created - 7 février 2018 at 20:39

Goals
1 2 3 T
Whalers 0 0 0 0
Kings 2 0 1 3
Shots
1 2 3 T
Whalers 4 8 14 26
Kings 7 12 17 36

1st period

1. Kings , Anze Kopitar 16 (Alex Ovechkin 30) at 17:49 (PP)
2. Kings , Anze Kopitar 17 (Thomas Vanek 20, Tomas Hertl 16) at 19:51 (PP)

Penalties :
Ryan Callahan (HAR) for Tripping (Minor) at 17:47, Ryan Pulock (HAR) for Holding (Minor) at 19:37

2nd period

No Goal

Penalties :
Danny DeKeyser (LAK) for Tripping (Minor) at 5:35, Luke Schenn (LAK) for Hooking (Minor) at 14:08

3rd period

3. Kings , Anze Kopitar 18 (Michael Del Zotto 8, Alex Ovechkin 31) at 11:09 (PP)

Penalties :
Dustin Byfuglien (HAR) for Roughing (Minor) at 11:03

Goalie Stats

Louis Domingue (HAR), 33 saves from 36 shots - (0,917), L, 3-3-0, 60:00 minutes
Ryan Miller (LAK), 26 saves from 26 shots - (1,000), W, 19-16-4, 60:00 minutes

Players Stats for Whalers

Player Name              G  A  P  +/- PIM S  H  SB GA TA FO     MP     PP MP  PK MP  
------------------------------------------------------------------------------------
Austin Watson            0  0  0   0  0   2  4  1  1  0  3/14   18:51   1:40   0:00 
Blake Coleman            0  0  0   0  0   0  0  0  0  0  0/0     2:44   0:09   0:00 
BROCK BOESER             0  0  0   0  0   2  1  1  2  2  1/5    24:25   2:09   0:22 
Brooks Orpik             0  0  0   0  0   1  1  0  1  2  0/0    18:58   1:28   0:00 
Byron Froese             0  0  0   0  0   2  1  0  1  0  0/0    14:00   0:00   0:00 
Dennis Wideman           0  0  0   0  0   1  0  1  0  1  0/0    18:58   1:28   0:00 
Derek Stepan             0  0  0   0  0   5  2  0  0  0  15/29  20:26   2:18   0:22 
Drake Caggiula           0  0  0   0  0   0  1  0  0  0  0/1     6:43   0:00   0:00 
Dustin Byfuglien         0  0  0   0  2   3  6  4  0  1  0/0    26:52   2:30   0:16 
Jaycob Megna             0  0  0   0  0   0  0  1  0  0  0/0    14:09   0:00   0:06 
Jonny Brodzinski         0  0  0   0  0   0  0  0  0  0  0/0     6:43   0:00   0:00 
Kris Russell             0  0  0   0  0   2  2  3  1  2  0/0    26:59   2:30   0:22 
Kris Versteeg            0  0  0   0  0   2  0  0  1  1  0/1    18:51   1:40   0:00 
Lance Bouma              0  0  0   0  0   1  2  1  0  2  0/8    14:00   0:00   0:00 
Loui Eriksson            0  0  0   0  0   2  0  0  1  0  0/0    20:04   2:18   0:00 
Ryan Callahan            0  0  0   0  2   2  4  0  1  0  0/0    13:59   0:00   0:00 
Ryan Pulock              0  0  0   0  2   0  1  2  0  0  0/0    14:02   0:00   0:00 
Scott Hartnell           0  0  0   0  0   1  0  0  1  0  0/1    18:51   1:40   0:00 

Players Stats for Kings

Player Name              G  A  P  +/- PIM S  H  SB GA TA FO     MP     PP MP  PK MP  
------------------------------------------------------------------------------------
Alex Ovechkin            0  2  2   0  0   5  1  0  1  2  1/2    19:22   0:22   0:56 
Anze Kopitar             3  0  3   0  0   7  1  1  1  1  15/24  18:38   0:22   0:12 
Artem Anisimov           0  0  0   0  0   4  0  0  1  0  1/1    16:50   0:00   0:00 
Brian Dumoulin           0  0  0   0  0   1  2  0  0  2  0/0    17:07   0:00   1:18 
Cam Fowler               0  0  0   0  0   0  2  1  1  2  0/0    21:52   0:02   0:00 
Danny DeKeyser           0  0  0   0  2   0  0  3  0  1  0/0    23:04   0:00   1:11 
Jason Zucker             0  0  0   0  0   4  1  1  1  0  1/1    14:40   0:00   2:26 
Jon Merrill              0  0  0   0  0   0  1  0  0  0  0/0     8:32   0:00   0:00 
Justin Schultz           0  0  0   0  0   0  2  2  0  0  0/0    20:21   0:02   2:18 
Luke Schenn              0  0  0   0  2   2  3  2  0  0  0/0    19:29   0:00   1:29 
Magnus Paajarvi          0  0  0   0  0   4  2  0  1  0  0/0     9:08   0:00   0:36 
Mathieu Perreault        0  0  0   0  0   4  5  1  0  0  2/2    16:50   0:00   0:00 
Michael Del Zotto        0  1  1   0  0   1  2  0  0  0  0/0    17:49   0:20   1:40 
Oliver Bjorkstrand       0  0  0   0  0   0  0  0  1  1  0/0    12:10   0:00   0:00 
Ryan Kesler              0  0  0   0  0   1  0  0  2  1  10/15  16:50   0:00   0:00 
Thomas Vanek             0  1  1   0  0   1  2  0  1  0  0/0    18:26   0:22   0:00 
Tomas Hertl              0  1  1   0  0   2  0  0  1  0  9/12   15:18   0:20   2:44 
William Karlsson         0  0  0   0  0   0  1  0  0  0  1/2     9:34   0:00   1:02 

3 Stars

1 - Ryan Miller (LAK)
2 - Anze Kopitar (LAK)
3 - Alex Ovechkin (LAK)

Power Play

Whalers - 0 on 2 Attempt(s) - 0,00%
Kings - 3 on 3 Attempt(s) - 100,00%

Penalty Kill

Whalers - 0 on 3 Attempt(s) - 0,00% - Score 0 goal in Penalty Kill
Kings - 2 on 2 Attempt(s) - 100,00% - Score 0 goal in Penalty Kill

Team Stat

Whalers - Hits : 25 - Faceoff Wins : 19 - Blocked Shots : 14 - Penalty Minutes : 6
Kings - Hits : 25 - Faceoff Wins : 40 - Blocked Shots : 11 - Penalty Minutes : 4

Official

Referees : Dean Morton and Ian Walsh
Linesman : Mike Cvik and Vaughan Rody

Game Notes

Anze Kopitar has scored a Hat Trick!

Finance

Level 1 -- Attendance: 5881 (98,02%) -- Ticket Income 529 290 $
Level 2 -- Attendance: 4511 (90,22%) -- Ticket Income 225 550 $
Level 3 -- Attendance: 2000 (100,00%) -- Ticket Income 60 000 $
Level 4 -- Attendance: 4000 (100,00%) -- Ticket Income 40 000 $
Luxury Box -- Attendance: 957 (95,70%) -- Ticket Income 153 120 $
Game was played at the Hollywood Garden.
Total Attendance: 17349 (96,38%)
Total Ticket Income: 1 007 960 $
Other Income: 493 900 $
Total Income: 1 501 860 $

Whalers

5 vs 5 Forward 
   Center                   Left Wing                Right Wing               Time % Phy DF OF 
 1 Derek Stepan             Loui Eriksson            BROCK BOESER             40     0   2  3  
 2 Austin Watson            Scott Hartnell           Kris Versteeg            30     0   2  3  
 3 Lance Bouma              Ryan Callahan            Byron Froese             20     0   2  3  
 4 Drake Caggiula           BROCK BOESER             Jonny Brodzinski         10     0   2  3  

5 vs 5 Defense 
   Defense                  Defense                                           Time % Phy DF OF 
 1 Dustin Byfuglien         Kris Russell                                      40     0   2  3  
 2 Brooks Orpik             Dennis Wideman                                    30     0   2  3  
 3 Ryan Pulock              Jaycob Megna                                      20     0   2  3  
 4 Dustin Byfuglien         Kris Russell                                      10     0   2  3  

PowerPlay Forward 
   Center                   Left Wing                Right Wing               Time % Phy DF OF 
 1 Derek Stepan             Loui Eriksson            BROCK BOESER             60     0   2  3  
 2 Austin Watson            Scott Hartnell           Kris Versteeg            40     0   2  3  

PowerPlay Defense
   Defense                  Defense                                           Time % Phy DF OF 
 1 Dustin Byfuglien         Kris Russell                                      60     0   2  3  
 2 Brooks Orpik             Dennis Wideman                                    40     1   2  2  

Penalty Kill 4 Players Forward 
   Center                   Wing                     Time % Phy DF OF 
 1 BROCK BOESER             Derek Stepan             60     1   2  2  
 2 Loui Eriksson            Scott Hartnell           40     1   2  2  

Penalty Kill 4 Players Defense
   Defense                  Defense                  Time % Phy DF OF 
 1 Dustin Byfuglien         Kris Russell             60     1   2  2  
 2 Brooks Orpik             Dennis Wideman           40     1   2  2  

Penalty Kill - 3 Players Forward 
   Forward                                           Time % Phy DF OF 
 1 BROCK BOESER                                      60     1   2  2  
 2 Derek Stepan                                      40     1   2  2  

Penalty Kill - 3 Players Defense
   Defense                  Defense                  Time % Phy DF OF 
 1 Dustin Byfuglien         Kris Russell             60     1   2  2  
 2 Brooks Orpik             Dennis Wideman           40     1   2  2  

4 vs 4 Forward 
   Center                   Wing                     Time % Phy DF OF 
 1 BROCK BOESER             Derek Stepan             60     0   2  3  
 2 Loui Eriksson            Scott Hartnell           40     0   2  3  

4 vs 4 Defense
   Defense                  Defense                  Time % Phy DF OF 
 1 Dustin Byfuglien         Kris Russell             60     0   2  3  
 2 Brooks Orpik             Dennis Wideman           40     1   2  2  

Last Minutes Offensive
   Center                   Left Wing                Right Wing               Defense                  Defense                  
   Derek Stepan             Loui Eriksson            BROCK BOESER             Dustin Byfuglien         Kris Russell             

Last Minutes Defensive
   Center                   Left Wing                Right Wing               Defense                  Defense                  
   Derek Stepan             Loui Eriksson            BROCK BOESER             Dustin Byfuglien         Kris Russell             

Goaltenders
Starting : Louis Domingue           
Backup : Connor Hellebuyck        

Extra Forwards
Normal : Blake Coleman, Ryan Callahan, Lance Bouma - PP : Blake Coleman, Ryan Callahan - PK : Lance Bouma
Extra Defensemen
Normal : Ryan Pulock, Jaycob Megna, Brooks Orpik - PP : Ryan Pulock - PK : Jaycob Megna, Brooks Orpik
Penalty Shots
Dustin Byfuglien, BROCK BOESER, Derek Stepan, Loui Eriksson, Scott Hartnell
Custom OT Lines Forwards
Dustin Byfuglien, BROCK BOESER, Derek Stepan, Loui Eriksson, Scott Hartnell, Kris Versteeg, Ryan Callahan, Austin Watson, Lance Bouma, Byron Froese
Custom OT Lines Defensemen
Dustin Byfuglien, Kris Russell, Brooks Orpik, Dennis Wideman, Ryan Pulock

Scratches
Phil Kessel (Healthy), Mark Barberio (Healthy)

Kings

5 vs 5 Forward 
   Center                   Left Wing                Right Wing               Time % Phy DF OF 
 1 Anze Kopitar             Alex Ovechkin            Thomas Vanek             36     0   2  3  
 2 Ryan Kesler              Artem Anisimov           Mathieu Perreault        33     0   2  3  
 3 Tomas Hertl              Jason Zucker             Oliver Bjorkstrand       23     0   2  3  
 4 William Karlsson         Magnus Paajarvi          Jon Merrill              8      1   2  2  

5 vs 5 Defense 
   Defense                  Defense                                           Time % Phy DF OF 
 1 Cam Fowler               Danny DeKeyser                                    38     1   3  1  
 2 Justin Schultz           Luke Schenn                                       33     1   3  1  
 3 Michael Del Zotto        Brian Dumoulin                                    29     1   3  1  
 4 Cam Fowler               Danny DeKeyser                                    0      1   3  1  

PowerPlay Forward 
   Center                   Left Wing                Right Wing               Time % Phy DF OF 
 1 Anze Kopitar             Alex Ovechkin            Thomas Vanek             55     0   1  4  
 2 Ryan Kesler              Artem Anisimov           Mathieu Perreault        45     0   1  4  

PowerPlay Defense
   Defense                  Defense                                           Time % Phy DF OF 
 1 Cam Fowler               Justin Schultz                                    55     1   1  3  
 2 Michael Del Zotto        Tomas Hertl                                       45     1   1  3  

Penalty Kill 4 Players Forward 
   Center                   Wing                     Time % Phy DF OF 
 1 Tomas Hertl              Jason Zucker             60     1   4  0  
 2 William Karlsson         Magnus Paajarvi          40     1   4  0  

Penalty Kill 4 Players Defense
   Defense                  Defense                  Time % Phy DF OF 
 1 Luke Schenn              Danny DeKeyser           60     1   4  0  
 2 Michael Del Zotto        Brian Dumoulin           40     1   4  0  

Penalty Kill - 3 Players Forward 
   Forward                                           Time % Phy DF OF 
 1 Ryan Kesler                                       60     1   4  0  
 2 Tomas Hertl                                       40     1   4  0  

Penalty Kill - 3 Players Defense
   Defense                  Defense                  Time % Phy DF OF 
 1 Cam Fowler               Danny DeKeyser           60     1   4  0  
 2 Luke Schenn              Michael Del Zotto        40     1   4  0  

4 vs 4 Forward 
   Center                   Wing                     Time % Phy DF OF 
 1 Anze Kopitar             Alex Ovechkin            55     0   2  3  
 2 Ryan Kesler              Artem Anisimov           45     1   2  2  

4 vs 4 Defense
   Defense                  Defense                  Time % Phy DF OF 
 1 Cam Fowler               Danny DeKeyser           55     1   2  2  
 2 Justin Schultz           Luke Schenn              45     1   2  2  

Last Minutes Offensive
   Center                   Left Wing                Right Wing               Defense                  Defense                  
   Anze Kopitar             Alex Ovechkin            Thomas Vanek             Cam Fowler               Justin Schultz           

Last Minutes Defensive
   Center                   Left Wing                Right Wing               Defense                  Defense                  
   Ryan Kesler              Anze Kopitar             William Karlsson         Cam Fowler               Danny DeKeyser           

Goaltenders
Starting : Ryan Miller              
Backup : Alex Stalock             

Extra Forwards
Normal : Tomas Hertl, Mathieu Perreault, William Karlsson - PP : Tomas Hertl, William Karlsson - PK : Tomas Hertl
Extra Defensemen
Normal : Justin Schultz, Brian Dumoulin, Cam Fowler - PP : Danny DeKeyser - PK : Justin Schultz, Michael Del Zotto
Penalty Shots
Thomas Vanek, William Karlsson, Anze Kopitar, Alex Ovechkin, Artem Anisimov
Custom OT Lines Forwards
Alex Ovechkin, Ryan Kesler, Artem Anisimov, Anze Kopitar, Thomas Vanek, Jason Zucker, Mathieu Perreault, Tomas Hertl, Magnus Paajarvi, William Karlsson
Custom OT Lines Defensemen
Justin Schultz, Cam Fowler, Brian Dumoulin, Michael Del Zotto, Danny DeKeyser

Scratches
Semyon Varlamov (Healthy)

% Time on Ice - Whalers

Lines # - Real PCT - Wanted PCT - Time Play
Normal Forward
1 - 32% - 40% - 17:46
2 - 31% - 30% - 17:11
3 - 25% - 20% - 14:00
4 - 12% - 10% - 6:43
Normal Defense
1 - 38% - 40% - 21:09
2 - 31% - 30% - 17:30
3 - 25% - 20% - 14:03
4 - 5% - 10% - 2:58
PP Forward
1 - 58% - 60% - 2:18
2 - 42% - 40% - 1:40
PP Defense
1 - 63% - 60% - 2:30
2 - 37% - 40% - 1:28
PK Forward
1 - 100% - 60% - 0:22
2 - 0% - 40% - 0:00
PK Defense
1 - 100% - 60% - 0:22
2 - 0% - 40% - 0:00
PK3 Forward
1 - 0% - 60%
2 - 0% - 40%
PK3 Defense
1 - 0% - 60%
2 - 0% - 40%
44 Forward
1 - 0% - 60%
2 - 0% - 40%
44 Defense
1 - 0% - 60%
2 - 0% - 40%
Last Minute Offensive  - 0:00
Last Minute Defensive  - 0:00
Total
Forward - 60:00
Defense - 60:00

% Time on Ice - Kings

Lines # - Real PCT - Wanted PCT - Time Play
Normal Forward
1 - 33% - 36% - 18:08
2 - 30% - 33% - 16:50
3 - 22% - 23% - 12:10
4 - 15% - 8% - 8:32
Normal Defense
1 - 40% - 38% - 22:00
2 - 32% - 33% - 17:51
3 - 28% - 29% - 15:49
4 - 0% - 0% - 0:00
PP Forward
1 - 100% - 55% - 0:22
2 - 0% - 45% - 0:00
PP Defense
1 - 9% - 55% - 0:02
2 - 91% - 45% - 0:20
PK Forward
1 - 85% - 60% - 3:22
2 - 15% - 40% - 0:36
PK Defense
1 - 67% - 60% - 2:40
2 - 33% - 40% - 1:18
PK3 Forward
1 - 0% - 60%
2 - 0% - 40%
PK3 Defense
1 - 0% - 60%
2 - 0% - 40%
44 Forward
1 - 0% - 55%
2 - 0% - 45%
44 Defense
1 - 0% - 55%
2 - 0% - 45%
Last Minute Offensive  - 0:00
Last Minute Defensive  - 0:00
Total
Forward - 60:00
Defense - 60:00

Play by Play

1st period


0:01 of 1st period - Derek Stepan wins face-off versus Anze Kopitar in neutral zone.
0:09 of 1st period - Snap shot by BROCK BOESER.
0:09 of 1st period - Shot Misses the Net.
0:11 of 1st period - Slapshot by Dustin Byfuglien.
0:11 of 1st period - Deflect By BROCK BOESER.
0:11 of 1st period - Shot Misses the Net.
0:11 of 1st period - Puck is out of play.
0:12 of 1st period - Ryan Kesler wins face-off versus Austin Watson in Kings zone.
0:39 of 1st period - Lance Bouma is hit by Jon Merrill and loses puck.
0:54 of 1st period - Snap shot by Jason Zucker.
0:54 of 1st period - Shot Blocked by Ryan Pulock.
0:56 of 1st period - Snap shot by Jason Zucker.
0:56 of 1st period - Stopped by Louis Domingue without a rebound.
0:57 of 1st period - Derek Stepan wins face-off versus Tomas Hertl in Whalers zone.
0:57 of 1st period - Derek Stepan is hit by Michael Del Zotto.
1:25 of 1st period - Wrist shot by BROCK BOESER.
1:25 of 1st period - Shot Blocked by Jason Zucker.
1:27 of 1st period - Snap shot by Loui Eriksson.
1:27 of 1st period - Shot Misses the Net.
1:55 of 1st period - Slapshot by Derek Stepan.
1:55 of 1st period - Stopped by Ryan Miller without a rebound.
1:56 of 1st period - Anze Kopitar wins face-off versus Austin Watson in Kings zone.
2:22 of 1st period - Ryan Kesler is hit by Dustin Byfuglien and loses puck.
2:41 of 1st period - Wrist shot by Drake Caggiula.
2:41 of 1st period - Shot Blocked by Luke Schenn.
2:51 of 1st period - Austin Watson is hit by Anze Kopitar and loses puck.
3:11 of 1st period - Byron Froese is hit by Magnus Paajarvi and loses puck.
5:15 of 1st period - Off-side.
5:16 of 1st period - Anze Kopitar wins face-off versus Lance Bouma in neutral zone.
5:19 of 1st period - Backhand shot by Alex Ovechkin.
5:19 of 1st period - Shot Misses the Net.
6:55 of 1st period - Artem Anisimov is hit by Dustin Byfuglien and loses puck.
7:25 of 1st period - Wrist shot by Byron Froese.
7:25 of 1st period - Stopped by Ryan Miller with a rebound.
7:46 of 1st period - Snap shot by Anze Kopitar.
7:46 of 1st period - Shot Blocked by Dustin Byfuglien.
8:02 of 1st period - Brian Dumoulin is hit by Dustin Byfuglien and loses puck.
8:48 of 1st period - BROCK BOESER is hit by Luke Schenn and loses puck.
9:27 of 1st period - Snap shot by Magnus Paajarvi.
9:27 of 1st period - Stopped by Louis Domingue with a rebound.
11:10 of 1st period - Icing by Austin Watson.
11:11 of 1st period - Tomas Hertl wins face-off versus Austin Watson in Whalers zone.
11:26 of 1st period - Snap shot by Oliver Bjorkstrand.
11:26 of 1st period - Shot Blocked by Dustin Byfuglien.
11:57 of 1st period - Wrist shot by Jason Zucker.
11:57 of 1st period - Shot Blocked by Jaycob Megna.
11:59 of 1st period - Wrist shot by Oliver Bjorkstrand.
11:59 of 1st period - Shot Blocked by Ryan Pulock.
12:01 of 1st period - Slapshot by Luke Schenn.
12:01 of 1st period - Stopped by Louis Domingue without a rebound.
12:02 of 1st period - Derek Stepan wins face-off versus Anze Kopitar in Whalers zone.
12:12 of 1st period - Snap shot by Thomas Vanek.
12:12 of 1st period - Shot Blocked by Dennis Wideman.
12:28 of 1st period - Ryan Callahan is hit by Mathieu Perreault and loses puck.
14:57 of 1st period - Danny DeKeyser is hit by Drake Caggiula and loses puck.
15:08 of 1st period - Artem Anisimov is hit by Austin Watson and loses puck.
15:28 of 1st period - Snap shot by Alex Ovechkin.
15:28 of 1st period - Stopped by Louis Domingue with a rebound.
16:53 of 1st period - Ryan Kesler is hit by Ryan Pulock and loses puck.
17:12 of 1st period - Austin Watson is hit by Luke Schenn and loses puck.
17:27 of 1st period - Slapshot by Jason Zucker.
17:27 of 1st period - Stopped by Louis Domingue with a rebound.
17:47 of 1st period - Minor Penalty to Ryan Callahan for Tripping.
17:48 of 1st period - Alex Ovechkin wins face-off versus BROCK BOESER in Whalers zone.
17:49 of 1st period - Slapshot by Anze Kopitar.
17:49 of 1st period - Goal by Anze Kopitar - Whalers : 0 - Kings : 1.
17:50 of 1st period - Derek Stepan wins face-off versus Anze Kopitar in neutral zone.
17:53 of 1st period - Anze Kopitar is hit by Dustin Byfuglien and loses puck.
18:39 of 1st period - Snap shot by BROCK BOESER.
18:39 of 1st period - Shot Misses the Net.
18:41 of 1st period - Slapshot by Dustin Byfuglien.
18:41 of 1st period - Stopped by Ryan Miller with a rebound.
18:43 of 1st period - Slapshot by Kris Russell.
18:43 of 1st period - Stopped by Ryan Miller without a rebound.
18:44 of 1st period - Austin Watson wins face-off versus Ryan Kesler in Kings zone.
19:09 of 1st period - Mathieu Perreault is hit by Lance Bouma and loses puck.
19:37 of 1st period - Minor Penalty to Ryan Pulock for Holding.
19:38 of 1st period - BROCK BOESER wins face-off versus Anze Kopitar in Whalers zone.
19:38 of 1st period - BROCK BOESER is hit by Alex Ovechkin.
19:51 of 1st period - Wrist shot by Anze Kopitar.
19:51 of 1st period - Goal by Anze Kopitar - Whalers : 0 - Kings : 2.
19:52 of 1st period - Derek Stepan wins face-off versus Anze Kopitar in neutral zone.
Goals for this period are 0 for Whalers vs 2 for Kings.
Shots for this period are 4 for Whalers vs 7 for Kings.

2nd period


0:01 of 2nd period - Anze Kopitar wins face-off versus Derek Stepan in neutral zone.
0:35 of 2nd period - Cam Fowler is hit by Austin Watson and loses puck.
1:28 of 2nd period - Scott Hartnell is hit by Thomas Vanek and loses puck.
1:32 of 2nd period - Icing by Kris Versteeg.
1:33 of 2nd period - Anze Kopitar wins face-off versus Austin Watson in Whalers zone.
1:36 of 2nd period - Slapshot by Alex Ovechkin.
1:36 of 2nd period - Stopped by Louis Domingue without a rebound.
1:37 of 2nd period - Derek Stepan wins face-off versus Anze Kopitar in Whalers zone.
1:52 of 2nd period - Wrist shot by BROCK BOESER.
1:52 of 2nd period - Stopped by Ryan Miller without a rebound.
1:53 of 2nd period - Mathieu Perreault wins face-off versus Austin Watson in Kings zone.
2:04 of 2nd period - Snap shot by Artem Anisimov.
2:04 of 2nd period - Shot Blocked by Dustin Byfuglien.
2:06 of 2nd period - Snap shot by Artem Anisimov.
2:06 of 2nd period - Stopped by Louis Domingue with a rebound.
2:08 of 2nd period - Wrist shot by Artem Anisimov.
2:08 of 2nd period - Stopped by Louis Domingue without a rebound.
2:09 of 2nd period - Derek Stepan wins face-off versus Alex Ovechkin in Whalers zone.
2:36 of 2nd period - Dustin Byfuglien is hit by Mathieu Perreault and loses puck.
2:49 of 2nd period - Off-side.
2:50 of 2nd period - Anze Kopitar wins face-off versus Lance Bouma in neutral zone.
2:58 of 2nd period - Slapshot by Alex Ovechkin.
2:58 of 2nd period - Shot Misses the Net.
3:00 of 2nd period - Snap shot by Thomas Vanek.
3:00 of 2nd period - Shot Blocked by Lance Bouma.
3:02 of 2nd period - Slapshot by Anze Kopitar.
3:02 of 2nd period - Shot Misses the Net.
3:04 of 2nd period - Slapshot by Danny DeKeyser.
3:04 of 2nd period - Deflect By Alex Ovechkin.
3:04 of 2nd period - Shot Misses the Net.
3:04 of 2nd period - Puck is out of play.
3:05 of 2nd period - Ryan Kesler wins face-off versus Derek Stepan in Whalers zone.
3:06 of 2nd period - Snap shot by Mathieu Perreault.
3:06 of 2nd period - Deflect By Artem Anisimov.
3:06 of 2nd period - Shot Blocked by Kris Russell.
3:06 of 2nd period - Puck is out of play.
3:07 of 2nd period - Derek Stepan wins face-off versus Ryan Kesler in Whalers zone.
3:12 of 2nd period - Justin Schultz is hit by Derek Stepan and loses puck.
3:45 of 2nd period - Thomas Vanek is hit by Kris Russell and loses puck.
4:02 of 2nd period - Wrist shot by Tomas Hertl.
4:02 of 2nd period - Stopped by Louis Domingue without a rebound.
4:03 of 2nd period - Tomas Hertl wins face-off versus Derek Stepan in Whalers zone.
4:29 of 2nd period - Brooks Orpik is hit by Mathieu Perreault and loses puck.
4:34 of 2nd period - Snap shot by Ryan Kesler.
4:34 of 2nd period - Shot Misses the Net.
4:56 of 2nd period - Kris Russell is hit by Michael Del Zotto and loses puck.
5:35 of 2nd period - Minor Penalty to Danny DeKeyser for Tripping.
5:36 of 2nd period - Tomas Hertl wins face-off versus Derek Stepan in Kings zone.
5:46 of 2nd period - Slapshot by BROCK BOESER.
5:46 of 2nd period - Shot Misses the Net.
6:06 of 2nd period - Slapshot by Brooks Orpik.
6:06 of 2nd period - Shot Blocked by Justin Schultz.
6:08 of 2nd period - Slapshot by Dennis Wideman.
6:08 of 2nd period - Deflect By Kris Versteeg.
6:08 of 2nd period - Stopped by Ryan Miller without a rebound.
6:09 of 2nd period - Tomas Hertl wins face-off versus Derek Stepan in Kings zone.
6:20 of 2nd period - Jason Zucker is hit by BROCK BOESER and loses puck.
6:41 of 2nd period - Icing by Dustin Byfuglien.
6:42 of 2nd period - Austin Watson wins face-off versus William Karlsson in Whalers zone.
6:47 of 2nd period - Brian Dumoulin is hit by Austin Watson and loses puck.
7:04 of 2nd period - Slapshot by Kris Versteeg.
7:04 of 2nd period - Deflect By Scott Hartnell.
7:04 of 2nd period - Shot Misses the Net.
7:04 of 2nd period - Puck is out of play.
7:05 of 2nd period - Derek Stepan wins face-off versus Tomas Hertl in Kings zone.
7:16 of 2nd period - Slapshot by Derek Stepan.
7:16 of 2nd period - Stopped by Ryan Miller without a rebound.
7:17 of 2nd period - Tomas Hertl wins face-off versus Derek Stepan in Kings zone.
7:35 of 2nd period - Penalty to Danny DeKeyser is over, Danny DeKeyser is back on ice.
7:44 of 2nd period - Mathieu Perreault is hit by Austin Watson.
8:30 of 2nd period - Slapshot by BROCK BOESER.
8:30 of 2nd period - Shot Blocked by Anze Kopitar.
8:46 of 2nd period - Wrist shot by Magnus Paajarvi.
8:46 of 2nd period - Shot Misses the Net.
9:02 of 2nd period - Wrist shot by Ryan Kesler.
9:02 of 2nd period - Shot Misses the Net.
9:04 of 2nd period - Slapshot by Cam Fowler.
9:04 of 2nd period - Shot Misses the Net.
9:45 of 2nd period - Snap shot by Magnus Paajarvi.
9:45 of 2nd period - Shot Hit the Post.
10:53 of 2nd period - Wrist shot by Magnus Paajarvi.
10:53 of 2nd period - Stopped by Louis Domingue with a rebound.
10:55 of 2nd period - Slapshot by William Karlsson.
10:55 of 2nd period - Shot Blocked by Kris Russell.
10:57 of 2nd period - Snap shot by Magnus Paajarvi.
10:57 of 2nd period - Stopped by Louis Domingue without a rebound.
10:58 of 2nd period - Anze Kopitar wins face-off versus Austin Watson in Whalers zone.
11:14 of 2nd period - Wrist shot by Anze Kopitar.
11:14 of 2nd period - Stopped by Louis Domingue with a rebound.
11:33 of 2nd period - Slapshot by Mathieu Perreault.
11:33 of 2nd period - Stopped by Louis Domingue with a rebound.
11:35 of 2nd period - Snap shot by Artem Anisimov.
11:35 of 2nd period - Stopped by Louis Domingue without a rebound.
11:36 of 2nd period - Anze Kopitar wins face-off versus BROCK BOESER in Whalers zone.
12:03 of 2nd period - Snap shot by Mathieu Perreault.
12:03 of 2nd period - Shot Misses the Net.
12:11 of 2nd period - Wrist shot by Mathieu Perreault.
12:11 of 2nd period - Shot Blocked by Austin Watson.
12:13 of 2nd period - Slapshot by Mathieu Perreault.
12:13 of 2nd period - Shot Misses the Net.
12:29 of 2nd period - Snap shot by Magnus Paajarvi.
12:29 of 2nd period - Shot Misses the Net.
12:31 of 2nd period - Slapshot by Brian Dumoulin.
12:31 of 2nd period - Stopped by Louis Domingue without a rebound.
12:32 of 2nd period - Derek Stepan wins face-off versus Anze Kopitar in Whalers zone.
12:37 of 2nd period - Slapshot by Derek Stepan.
12:37 of 2nd period - Shot Misses the Net.
12:39 of 2nd period - Slapshot by BROCK BOESER.
12:39 of 2nd period - Shot Blocked by Luke Schenn.
12:59 of 2nd period - Kris Versteeg is hit by Luke Schenn and loses puck.
13:10 of 2nd period - Off-side.
13:11 of 2nd period - Tomas Hertl wins face-off versus Derek Stepan in neutral zone.
13:20 of 2nd period - Slapshot by Tomas Hertl.
13:20 of 2nd period - Shot Misses the Net.
13:40 of 2nd period - Snap shot by Dustin Byfuglien.
13:40 of 2nd period - Shot Blocked by Danny DeKeyser.
13:42 of 2nd period - Wrist shot by Austin Watson.
13:42 of 2nd period - Stopped by Ryan Miller with a rebound.
13:46 of 2nd period - Slapshot by Dustin Byfuglien.
13:46 of 2nd period - Deflect By Anze Kopitar.
13:46 of 2nd period - Stopped by Ryan Miller without a rebound.
13:47 of 2nd period - Artem Anisimov wins face-off versus Derek Stepan in Kings zone.
13:56 of 2nd period - Wrist shot by BROCK BOESER.
13:56 of 2nd period - Shot Misses the Net.
13:58 of 2nd period - Slapshot by Dustin Byfuglien.
13:58 of 2nd period - Shot Blocked by Mathieu Perreault.
14:08 of 2nd period - Minor Penalty to Luke Schenn for Hooking.
14:09 of 2nd period - Derek Stepan wins face-off versus Tomas Hertl in Kings zone.
14:10 of 2nd period - Snap shot by BROCK BOESER.
14:10 of 2nd period - Stopped by Ryan Miller without a rebound.
14:11 of 2nd period - Jason Zucker wins face-off versus Derek Stepan in Kings zone.
16:08 of 2nd period - Penalty to Luke Schenn is over, Luke Schenn is back on ice.
16:53 of 2nd period - Wrist shot by Justin Schultz.
16:53 of 2nd period - Shot Misses the Net.
17:41 of 2nd period - Kris Russell is hit by Brian Dumoulin and loses puck.
17:54 of 2nd period - Icing by Dustin Byfuglien.
17:55 of 2nd period - Tomas Hertl wins face-off versus Austin Watson in Whalers zone.
18:18 of 2nd period - Snap shot by Kris Versteeg.
18:18 of 2nd period - Deflect By Scott Hartnell.
18:18 of 2nd period - Stopped by Ryan Miller with a rebound.
18:26 of 2nd period - Slapshot by Ryan Kesler.
18:26 of 2nd period - Stopped by Louis Domingue without a rebound.
18:27 of 2nd period - Anze Kopitar wins face-off versus Derek Stepan in Whalers zone.
19:06 of 2nd period - Snap shot by Lance Bouma.
19:06 of 2nd period - Stopped by Ryan Miller with a rebound.
19:18 of 2nd period - Jonny Brodzinski is hit by Mathieu Perreault and loses puck.
19:39 of 2nd period - Wrist shot by Tomas Hertl.
19:39 of 2nd period - Stopped by Louis Domingue with a rebound.
19:41 of 2nd period - Wrist shot by Tomas Hertl.
19:41 of 2nd period - Shot Misses the Net.
Goals for this period are 0 for Whalers vs 0 for Kings.
Shots for this period are 8 for Whalers vs 12 for Kings.

3rd period


0:01 of 3rd period - Derek Stepan wins face-off versus Anze Kopitar in neutral zone.
0:16 of 3rd period - Wrist shot by Anze Kopitar.
0:16 of 3rd period - Shot Blocked by BROCK BOESER.
0:47 of 3rd period - Luke Schenn is hit by Ryan Callahan and loses puck.
1:08 of 3rd period - Magnus Paajarvi is hit by Brooks Orpik and loses puck.
1:21 of 3rd period - Austin Watson is hit by William Karlsson and loses puck.
1:39 of 3rd period - Backhand shot by Drake Caggiula.
1:39 of 3rd period - Shot Misses the Net.
1:41 of 3rd period - Slapshot by Dennis Wideman.
1:41 of 3rd period - Stopped by Ryan Miller without a rebound.
1:42 of 3rd period - Ryan Kesler wins face-off versus Lance Bouma in Kings zone.
2:33 of 3rd period - Icing by Derek Stepan.
2:34 of 3rd period - Tomas Hertl wins face-off versus Austin Watson in Whalers zone.
2:45 of 3rd period - Snap shot by Jason Zucker.
2:45 of 3rd period - Stopped by Louis Domingue with a rebound.
3:13 of 3rd period - Snap shot by Thomas Vanek.
3:13 of 3rd period - Stopped by Louis Domingue without a rebound.
3:14 of 3rd period - Derek Stepan wins face-off versus Ryan Kesler in Whalers zone.
3:31 of 3rd period - Snap shot by Derek Stepan.
3:31 of 3rd period - Stopped by Ryan Miller without a rebound.
3:32 of 3rd period - Anze Kopitar wins face-off versus Austin Watson in Kings zone.
4:05 of 3rd period - Wrist shot by Anze Kopitar.
4:05 of 3rd period - Shot Misses the Net.
4:07 of 3rd period - Snap shot by Michael Del Zotto.
4:07 of 3rd period - Stopped by Louis Domingue without a rebound.
4:08 of 3rd period - Ryan Kesler wins face-off versus Kris Versteeg in Whalers zone.
4:37 of 3rd period - Danny DeKeyser is hit by Derek Stepan.
4:41 of 3rd period - Derek Stepan is hit by Jason Zucker and loses puck.
5:22 of 3rd period - Wrist shot by Austin Watson.
5:22 of 3rd period - Stopped by Ryan Miller without a rebound.
5:23 of 3rd period - Derek Stepan wins face-off versus Ryan Kesler in Kings zone.
5:30 of 3rd period - Wrist shot by Derek Stepan.
5:30 of 3rd period - Deflect By Loui Eriksson.
5:30 of 3rd period - Stopped by Ryan Miller with a rebound.
5:39 of 3rd period - Wrist shot by BROCK BOESER.
5:39 of 3rd period - Deflect By Loui Eriksson.
5:39 of 3rd period - Stopped by Ryan Miller without a rebound.
5:40 of 3rd period - Anze Kopitar wins face-off versus Austin Watson in Kings zone.
5:45 of 3rd period - Anze Kopitar is hit by Kris Russell.
6:07 of 3rd period - Kris Russell is hit by Mathieu Perreault and loses puck.
6:14 of 3rd period - Wrist shot by Mathieu Perreault.
6:14 of 3rd period - Stopped by Louis Domingue without a rebound.
6:15 of 3rd period - Ryan Kesler wins face-off versus Derek Stepan in Whalers zone.
6:16 of 3rd period - Snap shot by Mathieu Perreault.
6:16 of 3rd period - Shot Misses the Net.
6:18 of 3rd period - Slapshot by Ryan Kesler.
6:18 of 3rd period - Shot Misses the Net.
6:20 of 3rd period - Wrist shot by Artem Anisimov.
6:20 of 3rd period - Stopped by Louis Domingue without a rebound.
6:21 of 3rd period - Ryan Kesler wins face-off versus Derek Stepan in Whalers zone.
6:24 of 3rd period - Snap shot by Mathieu Perreault.
6:24 of 3rd period - Stopped by Louis Domingue with a rebound.
6:48 of 3rd period - Kris Versteeg is hit by Justin Schultz and loses puck.
7:15 of 3rd period - Kris Versteeg is hit by Magnus Paajarvi and loses puck.
7:42 of 3rd period - Brooks Orpik is hit by Cam Fowler and loses puck.
7:53 of 3rd period - Wrist shot by BROCK BOESER.
7:53 of 3rd period - Shot Misses the Net.
8:04 of 3rd period - Icing by Brooks Orpik.
8:05 of 3rd period - Anze Kopitar wins face-off versus Lance Bouma in Whalers zone.
8:12 of 3rd period - Snap shot by Alex Ovechkin.
8:12 of 3rd period - Stopped by Louis Domingue with a rebound.
8:49 of 3rd period - Snap shot by Derek Stepan.
8:49 of 3rd period - Stopped by Ryan Miller without a rebound.
8:50 of 3rd period - Tomas Hertl wins face-off versus Derek Stepan in Kings zone.
8:57 of 3rd period - Wrist shot by BROCK BOESER.
8:57 of 3rd period - Shot Misses the Net.
8:59 of 3rd period - Slapshot by Derek Stepan.
8:59 of 3rd period - Stopped by Ryan Miller with a rebound.
9:01 of 3rd period - Snap shot by Derek Stepan.
9:01 of 3rd period - Shot Misses the Net.
9:03 of 3rd period - Snap shot by Kris Russell.
9:03 of 3rd period - Stopped by Ryan Miller with a rebound.
9:17 of 3rd period - Dustin Byfuglien is hit by Thomas Vanek and loses puck.
9:33 of 3rd period - Slapshot by Ryan Callahan.
9:33 of 3rd period - Deflect By Byron Froese.
9:33 of 3rd period - Stopped by Ryan Miller without a rebound.
9:34 of 3rd period - Ryan Kesler wins face-off versus Lance Bouma in Kings zone.
9:34 of 3rd period - Ryan Kesler is hit by Byron Froese.
9:48 of 3rd period - Wrist shot by Byron Froese.
9:48 of 3rd period - Shot Misses the Net.
9:50 of 3rd period - Slapshot by Dustin Byfuglien.
9:50 of 3rd period - Stopped by Ryan Miller with a rebound.
10:02 of 3rd period - Wrist shot by Anze Kopitar.
10:02 of 3rd period - Shot Blocked by Dustin Byfuglien.
10:04 of 3rd period - Snap shot by Thomas Vanek.
10:04 of 3rd period - Deflect By Anze Kopitar.
10:04 of 3rd period - Stopped by Louis Domingue with a rebound.
10:06 of 3rd period - Wrist shot by Luke Schenn.
10:06 of 3rd period - Stopped by Louis Domingue with a rebound.
10:08 of 3rd period - Snap shot by Anze Kopitar.
10:08 of 3rd period - Stopped by Louis Domingue without a rebound.
10:09 of 3rd period - Derek Stepan wins face-off versus Anze Kopitar in Whalers zone.
10:36 of 3rd period - Kris Versteeg is hit by Cam Fowler and loses puck.
10:43 of 3rd period - Cam Fowler is hit by Dustin Byfuglien and loses puck.
11:03 of 3rd period - Minor Penalty to Dustin Byfuglien for Roughing.
11:04 of 3rd period - Anze Kopitar wins face-off versus BROCK BOESER in Whalers zone.
11:07 of 3rd period - Snap shot by Michael Del Zotto.
11:07 of 3rd period - Shot Blocked by Kris Russell.
11:09 of 3rd period - Snap shot by Anze Kopitar.
11:09 of 3rd period - Goal by Anze Kopitar - Whalers : 0 - Kings : 3.
11:10 of 3rd period - Anze Kopitar wins face-off versus BROCK BOESER in neutral zone.
11:23 of 3rd period - Snap shot by Anze Kopitar.
11:23 of 3rd period - Stopped by Louis Domingue with a rebound.
11:25 of 3rd period - Slapshot by Luke Schenn.
11:25 of 3rd period - Shot Misses the Net.
11:27 of 3rd period - Slapshot by Justin Schultz.
11:27 of 3rd period - Deflect By Alex Ovechkin.
11:27 of 3rd period - Stopped by Louis Domingue without a rebound.
11:28 of 3rd period - Ryan Kesler wins face-off versus Austin Watson in Whalers zone.
11:31 of 3rd period - Snap shot by Mathieu Perreault.
11:31 of 3rd period - Stopped by Louis Domingue without a rebound.
11:32 of 3rd period - Austin Watson wins face-off versus Ryan Kesler in Whalers zone.
11:38 of 3rd period - Off-side.
11:39 of 3rd period - Anze Kopitar wins face-off versus Derek Stepan in neutral zone.
11:42 of 3rd period - Loui Eriksson is hit by Brian Dumoulin and loses puck.
11:55 of 3rd period - Slapshot by Alex Ovechkin.
11:55 of 3rd period - Stopped by Louis Domingue with a rebound.
12:15 of 3rd period - Slapshot by Scott Hartnell.
12:15 of 3rd period - Shot Misses the Net.
12:17 of 3rd period - Wrist shot by Scott Hartnell.
12:17 of 3rd period - Shot Blocked by Justin Schultz.
12:19 of 3rd period - Slapshot by Kris Versteeg.
12:19 of 3rd period - Stopped by Ryan Miller without a rebound.
12:20 of 3rd period - Ryan Kesler wins face-off versus Lance Bouma in Kings zone.
12:20 of 3rd period - Ryan Kesler is hit by Ryan Callahan.
12:54 of 3rd period - Snap shot by BROCK BOESER.
12:54 of 3rd period - Shot Misses the Net.
12:56 of 3rd period - Slapshot by Brooks Orpik.
12:56 of 3rd period - Stopped by Ryan Miller with a rebound.
13:32 of 3rd period - Jon Merrill is hit by Dustin Byfuglien and loses puck.
13:49 of 3rd period - Slapshot by Byron Froese.
13:49 of 3rd period - Shot Blocked by Danny DeKeyser.
14:57 of 3rd period - Magnus Paajarvi is hit by Ryan Callahan and loses puck.
16:03 of 3rd period - Kris Russell is hit by Justin Schultz and loses puck.
16:16 of 3rd period - Magnus Paajarvi is hit by Lance Bouma and loses puck.
16:21 of 3rd period - Snap shot by Ryan Callahan.
16:21 of 3rd period - Stopped by Ryan Miller without a rebound.
16:22 of 3rd period - Anze Kopitar wins face-off versus Lance Bouma in Kings zone.
16:34 of 3rd period - Off-side.
16:35 of 3rd period - Mathieu Perreault wins face-off versus Scott Hartnell in neutral zone.
17:01 of 3rd period - Danny DeKeyser is hit by Ryan Callahan.
17:43 of 3rd period - Snap shot by Magnus Paajarvi.
17:43 of 3rd period - Stopped by Louis Domingue without a rebound.
17:44 of 3rd period - William Karlsson wins face-off versus Drake Caggiula in Whalers zone.
18:05 of 3rd period - Wrist shot by Ryan Callahan.
18:05 of 3rd period - Shot Blocked by Cam Fowler.
18:07 of 3rd period - Wrist shot by Brooks Orpik.
18:07 of 3rd period - Deflect By Ryan Callahan.
18:07 of 3rd period - Stopped by Ryan Miller without a rebound.
18:08 of 3rd period - Ryan Kesler wins face-off versus Lance Bouma in Kings zone.
19:01 of 3rd period - Snap shot by Jason Zucker.
19:01 of 3rd period - Stopped by Louis Domingue with a rebound.
19:09 of 3rd period - Wrist shot by BROCK BOESER.
19:09 of 3rd period - Shot Blocked by Danny DeKeyser.
Goals for this period are 0 for Whalers vs 1 for Kings.
Shots for this period are 14 for Whalers vs 17 for Kings.